 Dungeon Crawl Stone Soup version 0.23.1-37-gaa34b87 (webtiles) character file.

Game seed: 15049370027112125253

109 night the Gusty (level 4, -2/33 HPs)
             Began as a Draconian Air Elementalist on Mar 26, 2019.
             Slain by an orc wizard
             ... wielding a +0 dagger
              (3 damage)
             ... on level 3 of the Dungeon.
             The game lasted 00:06:56 (3003 turns).

night the Gusty (Draconian Air Elementalist)        Turns: 3003, Time: 00:06:57

Health: -2/33      AC:  5    Str: 15    XL:     4   Next: 59%
Magic:  4/8        EV: 12    Int: 17    God:
Gold:   124        SH:  0    Dex: 11    Spells: 5/8 levels left

rFire    . . .     SeeInvis .   f - +0 mace
rCold    . . .     Gourm    .   (no shield)
rNeg     . . .     Faith    .   (armour unavailable)
rPois    .         Spirit   .   (helmet restricted)
rElec    .         Reflect  .   (no cloak)
rCorr    .         Harm     .   (no gloves)
MR       .....                  (no boots)
Stlth    ++........             (no amulet)
HPRegen  0.11/turn              (no ring)
MPRegen  0.11/turn              (no ring)

@: mighty, slowed, very slow
A: unfitting armour, cold-blooded, AC +5
a: no special abilities


You were on level 3 of the Dungeon.
You were hungry.

You visited 1 branch of the dungeon, and saw 3 of its levels.

You collected 124 gold pieces.

Inventory:

Hand Weapons
 f - a +0 mace (weapon)
Missiles
 d - 28 arrows
 e - 66 stones (quivered)
Scrolls
 a - 2 scrolls of identify {unknown}
 c - 2 scrolls of remove curse {unknown}
 i - a scroll of blinking {unknown}
 j - a scroll of amnesia {unknown}
 k - a scroll of random uselessness {unknown}
 m - a scroll of enchant armour {unknown}
 n - a scroll of teleportation {unknown}
Potions
 l - a potion of mutation {unknown}
 o - a potion of haste {unknown}
Comestibles
 b - 5 rations


   Skills:
 - Level 1.7 Dodging
 - Level 1.7 Stealth
 + Level 2.8 Spellcasting
 + Level 2.3 Conjurations
 * Level 4.3 Air Magic


You had 5 spell levels left.
You knew the following spells:

 Your Spells              Type           Power        Failure   Level  Hunger
a - Shock                 Conj/Air       ##..         4%          1    #......
b - Swiftness             Chrm/Air       #.......     11%         2    ##.....

Your spell library contained the following spells:

 Spells                   Type           Power        Failure   Level  Hunger
 Static Discharge         Conj/Air       ##......     14%         3    ###....
 Airstrike                Air            ###.......   30%         4    #####..
 Lightning Bolt           Conj/Air       ##........   77%         5    ######.


Dungeon Overview and Level Annotations

Branches:
Dungeon (3/15)

Altars:


Innate Abilities, Weirdness & Mutations

Your plain brown scales are hard. (AC +5)
You cannot fit into any form of body armour.
You are cold-blooded and may be slowed by cold attacks.


Message History

The orc wizard misses you.
You closely miss the orc wizard.
You tail-slap the orc wizard, but do no damage.
The orc wizard is severely wounded.
The orc wizard gestures wildly while chanting.
The orc wizard blinks!
The orc hits you but does no damage. x2
The orc wizard hits you but does no damage.
The orc wizard gestures at you while chanting.
The magic dart hits you. The orc barely misses you. The orc closely misses you.
The orc wizard barely misses you.
You hit the orc.
You kill the orc!
The orc wizard casts a spell at you. The magic dart hits you!
* * * LOW HITPOINT WARNING * * *
The orc hits you.
* * * LOW HITPOINT WARNING * * *
The orc wizard closely misses you. The orc barely misses you.
The orc wizard hits you with a +0 dagger.
You die...

#....# ##.≈≈≈≈≈≈≈≈≈≈. #.####
##≈≈≈≈≈≈≈≈≈≈≈ #.#
#.≈§≈≈≈§≈≈≈≈≈≈≈≈# #.#
#..≈≈≈≈≈≈≈≈≈≈≈≈≈# #.#
######...≈≈≈§§§§§≈≈≈.# ###.###
#.........≈§≈§§≈≈≈...# #.....#
#.####....≈≈≈§≈§.....#
#.#.#.###.#..o.....≈≈≈§......#
#.#..........@o....≈..........
# ###.###.#.#)o....≈§.(.....[.
...# #.#.#.......§...(.)..#
##### #.# #.......§#########
#........##### ###.....##
#######


You could see 2 orc wizards and an orc.

Vanquished Creatures
  4 adders
  2 worms (D:2)
  3 leopard geckos
  2 orcs (D:3)
  2 ball pythons
  4 bats
  5 giant cockroaches
  5 goblins
  9 hobgoblins
  5 jackals
  7 kobolds
  4 frilled lizards
  8 rats
60 creatures vanquished.

Notes
Turn   | Place    | Note
-------+----------+-------------------------------------------
     0 | D:1      | night the Draconian Air Elementalist began the quest for
                  | the Orb.
     0 | D:1      | Reached XP level 1. HP: 14/14 MP: 3/3
   302 | D:1      | Reached XP level 2. HP: 20/20 MP: 1/5
  1040 | D:1      | Reached XP level 3. HP: 26/26 MP: 2/6
  1116 | D:1      | Learned a level 2 spell: Swiftness
  1706 | D:2      | Reached skill level 4 in Air Magic
  1793 | D:2      | Reached XP level 4. HP: 17/33 MP: 1/7
  3003 | D:3      | HP: 1/33 [orc (5)]
  3003 | D:3      | Slain by an orc wizard

Skill      XL: |  1  2  3 |
---------------+----------+-----
Air Magic      | 4 |  4.3
Conjurations   | 2 |  2.3
Dodging        | |  1.7
Stealth        | |  1.7
Spellcasting   | |  2.8

Action                   |  1- 3 |  4- 6 || total
-------------------------+-------+-------++-------
Melee: Unarmed           |    23 |       ||    23
       Tailslap          |     5 |     2 ||     7
       Mace              |    39 |    10 ||    49
 Cast: Shock             |    79 |    38 ||   117
  Use: Potion            |       |     2 ||     2
  Eat: Chunk             |     4 |     3 ||     7
Armor: Skin              |    36 |     9 ||    45
Dodge: Dodged            |    70 |    35 ||   105
